 Dungeon Crawl Stone Soup version 0.26.1-11-gd32895ea62 (webtiles) character file.

Game seed: 2177957342177937338

8227 Zeld the Fighter (level 11, -3/97 HPs)
             Began as a Black Draconian Monk on Sept 1, 2021.
             Was an Elder of Elyvilon.
             Slain by a very large slime creature (22 damage)
             ... on level 10 of the Dungeon.
             The game lasted 00:24:35 (20675 turns).

Zeld the Fighter (Black Draconian Monk)            Turns: 20675, Time: 00:24:36

Health: -3/97      AC: 11    Str: 17    XL:     11   Next: 7%
Magic:  16/16      EV: 14    Int: 11    God:    Elyvilon [****..]
Gold:   217        SH:  3    Dex: 13    Spells: 10/10 levels left

rFire    . . .     SeeInvis .   a - +6 long sword (flame)
rCold    . . .     Faith    .   v - +0 buckler
rNeg     . . .     Spirit   .   (armour unavailable)
rPois    .         Reflect  .   (helmet restricted)
rElec    +         Harm     .   K - +2 cloak
rCorr    .         Rampage  .   u - +0 pair of gloves
Will     .....                  (no boots)
Stlth    +++.......             (no amulet)
HPRegen  0.26/turn              (no ring)
MPRegen  0.15/turn              (no ring)

@: no status effects
A: breathe lightning, unfitting armour, electricity resistance, cold-blooded, AC
+7
a: Breathe Lightning, Renounce Religion, Lesser Healing, Heal Other,
Purification, Greater Healing, Divine Protection


You were on level 10 of the Dungeon.
You worshipped Elyvilon.
Elyvilon was greatly pleased with you.
You visited 2 branches of the dungeon, and saw 11 of its levels.

You collected 686 gold pieces.
You spent 469 gold pieces at shops.

Inventory:

Hand Weapons
 a - a +6 long sword of flaming (weapon)
Missiles
 b - 275 stones
 t - 67 poisoned darts (quivered)
 x - 15 javelins
 y - a throwing net
 F - 7 boomerangs
Armour
 u - a +0 pair of gloves (worn)
 v - a +0 buckler (worn)
 K - a +2 cloak (worn)
Wands
 s - a wand of enslavement (12)
 B - a wand of iceblast (17)
 C - a wand of paralysis (4)
 L - a wand of digging (10)
 N - a wand of flame (58)
Scrolls
 c - 5 scrolls of teleportation
 e - 6 scrolls of remove curse
 i - a scroll of magic mapping
 o - a scroll of fear
 p - a scroll of torment {unknown}
 A - a scroll of brand weapon
 D - 2 scrolls of blinking
Potions
 d - a potion of brilliance {unknown}
 f - 3 potions of berserk rage
 g - 5 potions of curing {unknown}
 h - 2 potions of mutation {unknown}
 j - 3 potions of invisibility {unknown}
 k - a potion of attraction {unknown}
 l - 3 potions of might
 m - 2 potions of flight {unknown}
 n - 2 potions of haste {unknown}
 q - 2 potions of degeneration {unknown}
 r - a potion of magic {unknown}
 H - 3 potions of cancellation {unknown}
 J - 2 potions of lignification {unknown}


   Skills:
 * Level 9.4 Fighting
 * Level 8.6 Long Blades
 * Level 7.1 Throwing
 + Level 5.7 Dodging
 + Level 5.7 Stealth
 + Level 0.1 Shields
 * Level 7.2 Invocations


You had 10 spell levels left.
You didn't know any spells.
Your spell library was empty.

Dungeon Overview and Level Annotations

Branches:
Dungeon (10/15)            Temple (1/1) D:5            Lair (0/6) D:8
    Orc: D:9-12

Altars:
Ashenzari
Cheibriados
Dithmenos
Elyvilon
Fedhas
Gozag
Hepliaklqana
Kikubaaqudgha
Makhleb
Nemelex Xobeh
Okawaru
Qazlal
Ru
Sif Muna
Trog
Uskayaw
Vehumet
Wu Jian
Xom
Yredelemnul
Zin
The Shining One

Shops:
D:4 *   D:7 (*

Annotations:
D:3 exclusion: bat, Purgy


Innate Abilities, Weirdness & Mutations

You can breathe wild blasts of lightning.
Your glossy black scales are hard. (AC +7)
You cannot fit into any form of body armour.
You are resistant to electric shocks. (rElec)
You are cold-blooded and may be slowed by cold attacks.


Message History

The very large slime creature is heavily wounded.
The very large slime creature hits you!
You slash the very large slime creature!
You burn the very large slime creature.
The very large slime creature is severely wounded.
The very large slime creature barely misses you.
You completely miss the very large slime creature.
The very large slime creature is severely wounded.
The very large slime creature misses you.
You hit the very large slime creature. You burn the very large slime creature.
The very large slime creature is severely wounded.
The very large slime creature hits you!!!
The very large slime creature hits you!
* * * LOW HITPOINT WARNING * * *
You are too injured to fight recklessly!
You slash the very large slime creature!
You burn the very large slime creature.
The very large slime creature is severely wounded.
The very large slime creature hits you!!
You die...

,,*############..................
,,* #..#####..######### ,,* #..#
####***#####
,,*******######..###**,*,,,......
,,,,,,,,,..........#,,,**,,......
,,,,,,,,*#######.###,,,P**,......
*******,* #.# *,,,,**,...... *,*
#J#**,,,,**,...... *******,*
#@#*,,,,P**,......
,,,,,,,,*******#.#*,,,****,......
,,,,,,,,,,,,,,,...,,***,,,,......
,,,*****,,,,,,.....,,,*****######
,,,*****,,***#######*,*
,,,,,,,,,,***********,###########
,,,,,,,,,,,,,,,,,,,,,,...........
,,,,**********,,*****,...........
*,,,* *,,* *,..#######..


You could see a very large slime creature.

Vanquished Creatures
  A two-headed ogre (D:10)
  An unseen horror (D:10)
  A gargoyle (D:10)
  A komodo dragon (D:10)
  A slime creature (D:9)
  A basilisk (D:10)
  A wyvern (D:7)
  6 yaks (D:9)
  A water moccasin (D:10)
  4 sky beasts
  A hornet zombie (D:6)
  An orc warrior (D:7)
  4 ice beasts
  4 ogres
  2 phantoms
  3 necrophages
  3 centaurs
  2 big kobolds
  A gnoll sergeant (D:5)
  A bullfrog (D:9)
  A wyvern zombie (D:8)
  A water moccasin zombie (D:7)
  5 scorpions
  4 killer bees (D:8)
  A wyvern skeleton (D:10)
  13 wights
  3 howler monkeys
  2 centaur zombies (D:6)
  6 hounds
  A bullfrog skeleton (D:6)
  6 orc priests
  2 bullfrog zombies
  2 gnoll shamans
  6 orc wizards
  A centaur skeleton (D:6)
  6 iguanas
  6 worker ants
  A hound zombie (D:6)
  4 hound skeletons
  2 worker ant zombies
  14 gnolls
  12 adders
  6 shadow imps
  5 white imps
  5 ufetubi
  2 oozes
  2 adder zombies
  A worm (D:3)
  2 dart slugs (D:1)
  6 leopard geckos
  40 orcs
  4 giant cockroaches
  4 goblins
  7 hobgoblins
  6 jackals
  4 quokkas
  4 bats (D:3)
  8 frilled lizards
  4 jackal zombies
  7 kobolds
  A leopard gecko skeleton (D:4)
  A leopard gecko zombie (D:6)
  2 quokka skeletons
  A quokka zombie (D:6)
  6 rats
267 creatures vanquished.

Vanquished Creatures (others)
  6 plants (D:10)
  3 withered plants (D:6)
9 creatures vanquished.

Grand Total: 276 creatures vanquished

Notes
Turn   | Place    | Note
-------+----------+-------------------------------------------
     0 | D:1      | Zeld the Draconian Monk began the quest for the Orb.
     0 | D:1      | Reached XP level 1. HP: 19/19 MP: 1/1
   332 | D:1      | Reached XP level 2. HP: 26/26 MP: 2/2
  1096 | D:2      | Reached skill level 1 in Throwing
  1438 | D:2      | Reached XP level 3. HP: 33/33 MP: 3/3
  1441 | D:2      | Found an iron altar of Okawaru.
  2395 | D:2      | Reached skill level 4 in Fighting
  2395 | D:2      | Reached XP level 4. HP: 27/40 MP: 4/4
  4016 | D:3      | Noticed Purgy
  4403 | D:3      | Found a glowing golden altar of the Shining One.
  4559 | D:4      | Noticed a centaur
  4578 | D:4      | Killed a centaur
  4579 | D:4      | Reached XP level 5. HP: 18/47 MP: 5/5
  4921 | D:4      | Found Wel Yfea's General Store.
  4927 | D:4      | Bought a potion of might for 40 gold pieces
  4927 | D:4      | Bought a scroll of amnesia for 35 gold pieces
  4927 | D:4      | Bought 9 poisoned darts for 36 gold pieces
  4927 | D:4      | Bought a scroll of random uselessness for 10 gold pieces
  4927 | D:4      | Bought 7 javelins for 56 gold pieces
  5008 | D:4      | Reached XP level 6. HP: 28/53 MP: 6/6
  6128 | D:5      | Entered Level 5 of the Dungeon
  6162 | D:4      | Reached skill level 5 in Fighting
  6855 | D:5      | Noticed a sky beast
  6906 | D:5      | Killed a sky beast
  6907 | D:5      | Your scales start taking on a glossy black colour.
  6907 | D:5      | Reached XP level 7. HP: 40/61 MP: 7/7
  6907 | D:5      | Gained mutation: You are resistant to electric shocks.
                  | (rElec) [Black Draconian growth]
  7332 | D:5      | Found a staircase to the Ecumenical Temple.
  7359 | D:5      | Reached skill level 5 in Long Blades
  7363 | Temple   | Entered the Ecumenical Temple
  7844 | Temple   | Became a worshipper of Elyvilon the Healer
  7844 | Temple   | Reached * piety under Elyvilon
  7844 | Temple   | Reached ** piety under Elyvilon
  8450 | D:5      | Reached skill level 1 in Invocations
  9297 | D:5      | Reached skill level 6 in Fighting
  9350 | D:5      | Found a sacrificial altar of Ru.
  9517 | D:5      | Reached XP level 8. HP: 53/70 MP: 9/9
 12767 | D:6      | Found a basalt altar of Yredelemnul.
 13003 | D:7      | Reached skill level 7 in Fighting
 13003 | D:7      | Reached XP level 9. HP: 79/79 MP: 11/11
 13373 | D:7      | Paralysed by a centaur for 7 turns
 13400 | D:7      | Reached skill level 5 in Throwing
 13987 | D:7      | Found Engoheul's Antique Weapon Boutique.
 13996 | D:7      | Bought a runed scimitar for 224 gold pieces
 14324 | D:7      | Found Vyonevuf's General Store.
 14545 | D:7      | Found a blossoming altar of Fedhas.
 15202 | D:8      | Noticed a two-headed ogre
 15866 | D:8      | Reached skill level 5 in Invocations
 16289 | D:7      | Bought a scroll of identify for 32 gold pieces
 16289 | D:7      | Bought 23 stones for 36 gold pieces
 16304 | D:8      | Found a staircase to the Lair.
 16353 | D:8      | Reached skill level 5 in Dodging
 16359 | D:8      | Reached skill level 8 in Fighting
 16654 | D:8      | Reached *** piety under Elyvilon
 17278 | D:9      | Identified a scroll of acquirement
 17283 | D:9      | Acquired a +5 long sword of flaming
 17337 | D:9      | Reached XP level 10. HP: 87/88 MP: 14/14
 17526 | D:9      | Reached skill level 5 in Stealth
 18312 | D:10     | Entered Level 10 of the Dungeon
 18312 | D:10     | Reached **** piety under Elyvilon
 18552 | D:10     | Noticed a gargoyle
 18565 | D:10     | Killed a gargoyle
 18918 | D:10     | Reached skill level 9 in Fighting
 19384 | D:10     | Noticed a two-headed ogre
 19391 | D:10     | Killed a two-headed ogre
 19643 | D:10     | Killed an unseen horror
 19644 | D:10     | Reached XP level 11. HP: 93/97 MP: 16/16
 20675 | D:10     | Slain by a very large slime creature

Illustrated notes

Levels and vault maps discovered:
D:1:      erik_arrival_orb_chamber, layout_basic, interstate_on_off,
          kennysheep_doodads, hangedman_decor_lopped
D:2:      layout_basic, okawaru_ov_weapons_minmay
D:3:      layout_basic, marbit_many_paths, uniq_purgy
D:4:      layout_loops_cross, serial_shops, shop, kennysheep_nondescript
D:5:      layout_layer_cave, minmay_temple_entry_ruins, nicolae_ru_awakened_eye
D:6:      layout_rooms, nicolae_overflow_hidden_temple, serial_undead,
          serial_undead_d, serial_undead_a, serial_undead_e, serial_undead_e
D:7:      layout_basic, lemuel_coloured_pillars_altar, serial_shops,
          nicolae_shop_stone, shop, minmay_diced_spiral
D:8:      layout_loops_ring, lair_entry_dummy, lightli_orcish_oven
D:9:      layout_layer_cave
D:10:     layout_long_grid, minmay_lizard_king
Temple:   dpeg_five_rooms_temple

Skill      XL: |  1  2  3  4  5  6  7  8  9 10 |
---------------+-------------------------------+-----
Throwing       | 1 2 3 4 5 7 |  7.1
Stealth        | 2 3 4 5 |  5.7
Fighting       | 4 5 6 7 8 9 |  9.4
Dodging        | 3 4 5 |  5.7
Long Blades    | 4 5 6 7 8 |  8.6
Invocations    | 1 3 5 7 |  7.2
Shields        | |  0.1

Action                   |  1- 3 |  4- 6 |  7- 9 | 10-12 || total
-------------------------+-------+-------+-------+-------++-------
Melee: Falchion          |    83 |   158 |   429 |       ||   670
       Tailslap          |    13 |    28 |    89 |    26 ||   156
       Scimitar          |       |       |    71 |       ||    71
       Great sword       |       |       |    29 |       ||    29
       Long sword        |       |       |    11 |   160 ||   171
Throw: Stone             |     1 |       |       |       ||     1
       Dart              |       |     5 |       |       ||     5
 Abil: Breathe Lightning |       |       |    26 |     3 ||    29
Evoke: Wand              |       |       |       |    12 ||    12
  Use: Scroll            |       |       |    11 |     4 ||    15
 Stab: Sleeping          |     3 |     4 |     3 |     2 ||    12
       Distracted        |       |       |     2 |       ||     2
Armor: Skin              |    24 |    54 |   178 |    37 ||   293
Dodge: Dodged            |    59 |   150 |   495 |   114 ||   818
Block: Buckler           |       |       |       |     3 ||     3
       Rpst.: Falchion   |    21 |    42 |   124 |       ||   187
       Scimitar          |       |       |    23 |       ||    23
       Great sword       |       |       |    12 |       ||    12
       Long sword        |       |       |       |    31 ||    31
